 Dungeon Crawl Stone Soup version 0.30-a0-643-g638baaf3f0 (webtiles) character file.

Game seed: 16158605660634826923

275 Citaku the Covered (level 6, -5/53 HPs)
             Began as a Minotaur Fighter on Jan 16, 2023.
             Slain by a worm (7 damage)
             ... on level 3 of the Dungeon.
             The game lasted 00:03:40 (2860 turns).

Citaku the Covered (Minotaur Fighter)               Turns: 2860, Time: 00:03:41

Health: -5/53      AC:  7    Str: 22    XL:     6   Next: 3%
Magic:  0/5        EV:  9    Int:  5    God:
Gold:   117        SH:  4    Dex: 10    Spells: 5/5 levels left

rFire   . . .      SeeInvis .    a - +0 war axe
rCold   . . .      Faith    .    c - +0 buckler
rNeg    . . .      Spirit   +    b - +0 scale mail
rPois   .          Reflect  .    (helmet restricted)
rElec   .          Harm     .    (no cloak)
rCorr   .          Rampage  .    (no gloves)
Will    .....                    (no boots) Stlth
                                 p - amulet of guardian spirit
HPRegen 0.28/turn                (no ring)
MPRegen 0.09/turn                (no ring)

@: very slow
A: horns 2, retaliatory headbutt
a: no special abilities


You were on level 3 of the Dungeon.
You visited 1 branch of the dungeon, and saw 3 of its levels.

You collected 117 gold pieces.

Inventory:

Hand Weapons
 a - a +0 war axe (weapon)
Armour
 b - a +0 scale mail (worn)
 c - a +0 buckler (worn)
Jewellery
 p - an amulet of guardian spirit (around neck)
 q - an amulet of faith
Scrolls
 e - a scroll of blinking {unknown}
 f - 4 scrolls of identify {unknown}
 g - a scroll of poison {unknown}
 k - 3 scrolls of teleportation {unknown}
 l - a scroll of enchant armour {unknown}
 o - 2 scrolls of magic mapping {unknown}
Potions
 d - 4 potions of might
 h - a potion of brilliance {unknown}
 i - a potion of magic {unknown}
 j - a potion of mutation {unknown}
 m - a potion of degeneration {unknown}
 n - 2 potions of curing {unknown}


   Skills:
 + Level 4.6 Fighting
 * Level 4.8 Axes
 * Level 5.5 Armour
 + Level 4.6 Shields


You had 5 spell levels left.
You didn't know any spells.
Your spell library contained the following spells:

 Spells                   Type           Power      Damage    Failure   Level
 Gell's Gravitas          Tloc           0%         N/A       99%         3
 Teleport Other           Tloc           0%         N/A       99%         3
 Dispersal                Tloc           0%         N/A       100%        6


Dungeon Overview and Level Annotations

Branches:
Dungeon (3/15)

Altars:
Kikubaaqudgha


Innate Abilities, Weirdness & Mutations

You have a pair of horns on your head.
You reflexively headbutt those who attack you in melee.


Message History

The worm bites you. You block the worm's attack. The worm bites you.
The worm barely misses you. You furiously retaliate!
You headbutt the worm!
The worm splashes around in the water.
You block the worm's attack. The worm bites you. You block the worm's attack.
The worm bites you.
The worm splashes around in the water.
The worm barely misses you. The worm bites you.
The worm splashes around in the water.
The worm bites you. The worm bites you. The worm bites you!
* * * LOW HITPOINT WARNING * * *
The worm bites you.
* * * LOW HITPOINT WARNING * * *
The worm bites you.
* * * LOW HITPOINT WARNING * * *
The worm splashes around in the water.
The worm splashes around in the water.
The worm splashes around in the water.
You block the worm's attack. The worm bites you but does no damage.
You block the worm's attack. The worm bites you.
* * * LOW HITPOINT WARNING * * *
The worm bites you.
* * * LOW HITPOINT WARNING * * *
The worm splashes around in the water.
You block the worm's attack. The worm bites you but does no damage.
The worm bites you but does no damage. The worm bites you.
* * * LOW HITPOINT WARNING * * *
The worm splashes around in the water.
The worm bites you!
You die...

##.#.#
#.....~##
...#.#
##....~~##
####.#
#####...#~~###
..<#.#
#.......#~~#
####.#
#.###...#~~#
.....#
#......##~~#
######
##...####.~~#
#....~~~~~~~~#
#...@w~~~~~..#
###~~#####...#
#### ### ####


You could see a worm.

Vanquished Creatures
  A scorpion (D:3)
  2 orc priests (D:3)
  Natasha (thrice) (D:2)
  An adder (D:2)
  2 dart slugs
  2 orcs (D:3)
  8 ball pythons
  7 bats
  2 endoplasms
  2 giant cockroaches
  8 goblins
  6 hobgoblins
  6 jackals (D:1)
  9 kobolds
  3 quokkas
  2 frilled lizards
  6 rats
70 creatures vanquished.

Notes
Turn   | Place    | Note
-------+----------+-------------------------------------------
     0 | D:1      | Citaku the Minotaur Fighter began the quest for the Orb.
     0 | D:1      | Reached XP level 1. HP: 19/19 MP: 0/0
   158 | D:1      | Reached XP level 2. HP: 27/27 MP: 1/1
   211 | D:1      | Reached skill level 4 in Armour
   608 | D:1      | Reached XP level 3. HP: 29/33 MP: 2/2
  1140 | D:2      | Noticed Natasha
  1148 | D:2      | Killed Natasha
  1288 | D:2      | Reached XP level 4. HP: 40/40 MP: 3/3
  1356 | D:2      | Noticed Natasha
  1364 | D:2      | Killed Natasha
  1505 | D:2      | Found an ancient bone altar of Kikubaaqudgha.
  1642 | D:2      | Noticed Natasha
  1645 | D:2      | Killed Natasha
  1646 | D:2      | Reached skill level 5 in Armour
  1646 | D:2      | Reached XP level 5. HP: 46/46 MP: 4/4
  2081 | D:3      | Reached XP level 6. HP: 23/53 MP: 2/5
  2849 | D:3      | HP: 1/53 [worm (4)]
  2857 | D:3      | HP: 1/53 [worm (2)]
  2860 | D:3      | Slain by a worm

Illustrated notes

Levels and vault maps discovered:
D:1:      dpeg_arrival_more_subterranean_lakeside_camping, layout_basic,
          minmay_misc_feat_square
D:2:      layout_basic, basic_altar, kennysheep_generic_room_12, uniq_natasha
D:3:      layout_basic, cheibrodos_sewer_entry_bend

Skill      XL: |  1  2  3  4 |
---------------+-------------+-----
Armour         | 4 5 |  5.5
Axes           | 3 4 |  4.8
Shields        | 4 |  4.6
Fighting       | 4 |  4.6

Action                   |  1- 3 |  4- 6 || total
-------------------------+-------+-------++-------
Melee: War axe           |    69 |    64 ||   133
       Headbutt          |     9 |    11 ||    20
Armor: Scale mail        |    25 |    40 ||    65
Dodge: Dodged            |    31 |    44 ||    75
Block: Buckler           |    18 |    26 ||    44

Table legend: (Time is in decaauts)
 A = Elapsed time spent in this place.
 B = Non-inter-level travel time spent in this place.
 C = Inter-level travel time spent in this place.
 D = Time resting spent in this place.
 E = Time spent auto-exploring this place.
 F = Levels seen in this place.
 G = Mean time per level.
                   A        B        C        D        E       F      G
               +--------+--------+--------+--------+--------+-----+--------+
         Total |   2917 |   2892 |     25 |     96 |   2140 |   3 |  972.3 |
       Dungeon |   2917 |   2892 |     25 |     96 |   2140 |   3 |  972.3 |
               +--------+--------+--------+--------+--------+-----+--------+

Top non-repeatable levels by time:
     D:2: 1054 daAuts
     D:1: 1025 daAuts
     D:3: 837 daAuts
